 Dungeon Crawl Stone Soup version 0.32-a0-672-gff75c0dad8 (webtiles) character file.

Game seed: 4026202463308328159

210 GeoRichter the Chopper (level 5, 0/46 HPs)
             Began as a Mountain Dwarf Reaver on Mar 10, 2024.
             Slain by a gnoll bouda
             ... wielding a +0 club
              (7 damage)
             ... on level 4 of the Dungeon.
             The game lasted 00:04:58 (3472 turns).

GeoRichter the Chopper (Mountain Dwarf Reaver)      Turns: 3472, Time: 00:04:59

Health: 0/46       AC:  9    Str: 16    XL:     5   Next: 57%
Magic:  7/7        EV:  7    Int: 14    God:
Gold:   91         SH:  0    Dex:  8    Spells: 6/7 levels left

rFire   . . .        a - +0 hand axe
rCold   . . .        (no shield)
rNeg    . . .        n - +0 chain mail
rPois   .            (no helmet)
rElec   .            j - +0 cloak
rCorr   .            (no gloves)
SInv    .            (no boots)
Will    .....        (no amulet) Stlth
                     (no ring)
HPRegen 0.27/turn    (no ring)
MPRegen 0.10/turn

%: no passive effects
@: about to teleport, weakened
A: runic magic, artefact enchanting
a: no special abilities


You were on level 4 of the Dungeon.
You visited 1 branch of the dungeon, and saw 4 of its levels.

You collected 234 gold pieces.
You spent 143 gold pieces at shops.

Inventory:

Hand Weapons
 a - a +0 hand axe (weapon)
Armour
 h - a +0 scale mail
   (You found it on level 2 of the Dungeon)
 j - a +0 cloak (worn)
   (You found it on level 2 of the Dungeon)
 n - a +0 chain mail (worn)
   (You took it off an orc on level 3 of the Dungeon)
Scrolls
 i - a scroll of torment {unknown}
 l - a scroll of enchant weapon
Potions
 b - a potion of enlightenment {unknown}
 f - a potion of haste {unknown}
 g - a potion of invisibility {unknown}
 m - a potion of degeneration {unknown}
 p - a potion of berserk rage {unknown}


   Skills:
 + Level 4.1 Fighting
 * Level 6.6 Axes
 - Level 1.3 Dodging
 - Level 1.7 Spellcasting
 - Level 2.6 Conjurations


You had 6 spell levels left.
You knew the following spells:

 Your Spells              Type           Power      Damage    Failure   Level
a - Kiss of Death         Conj/Necr      16%        2d6       26%         1

Your spell library contained the following spells:

 Spells                   Type           Power      Damage    Failure   Level
 Momentum Strike          Conj/Tloc      8%         3d8       38%         2
 Call Imp                 Summ           2%         N/A       56%         2
 Sublimation of Blood     Necr           1%         N/A       56%         2
 Hailstorm                Conj/Ice       4%         3d5       63%         3
 Summon Hydra             Summ           0%         N/A       100%        7


Dungeon Overview and Level Annotations

Branches:
Dungeon (4/15) Zot: 20509
 Temple: D:4-7

Altars:
Fedhas
Gozag
Trog
Zin

Shops:
D:3 !

Annotations:
D:3 2 transporters, 1 runed translucent door, Crazy Yiuf; topfpfpflanze's ghost, amateur OpCj


Innate Abilities, Weirdness & Mutations

Your spellcasting is much less encumbered by armour.
You can use scrolls of enchantment on lesser artefacts.


Message History

The gnoll bouda barely misses you.
The gnoll hits you from afar with a +0 spear.
* * * LOW HITPOINT WARNING * * *
You hit the gnoll bouda.
The gnoll bouda is lightly wounded.
The gnoll bouda gazes fiercely through you!
You feel your attacks grow feeble.
The gnoll bouda hits you with a +0 club.
* * * LOW HITPOINT WARNING * * *
The gnoll hits you but does no damage.
You closely miss the gnoll bouda.
The gnoll bouda is lightly wounded.
The gnoll is no longer moving quickly.
The gnoll bouda barely misses you.
An iguana comes into view.
The gnoll barely misses you.
Unknown command.
You hit the gnoll bouda but do no damage.
The gnoll bouda is lightly wounded.
The gnoll bouda gazes fiercely through you!
You feel as though you will be weak longer.
The gnoll bouda hits you but does no damage.
The gnoll barely misses you.
Unknown command.
You hit the gnoll bouda.
The gnoll bouda is moderately wounded.
The gnoll bouda hits you with a +0 club!
* * * LOW HITPOINT WARNING * * *
You hit the gnoll bouda.
The gnoll bouda is heavily wounded.
The gnoll hits you but does no damage.
The gnoll bouda barks out a call to the hunt!
The gnoll picks up the pace!
You feel better. The gnoll barely misses you.
The gnoll bouda barely misses you.
Unknown command.
You hit the gnoll bouda.
The gnoll bouda is heavily wounded.
The gnoll hits you from afar with a +0 spear.
* * * LOW HITPOINT WARNING * * *
The gnoll bouda hits you with a +0 club.
* * * LOW HITPOINT WARNING * * *
As you read the scroll of teleportation {@r4}, it crumbles to dust.
You feel strangely unstable.
The gnoll hits you from afar with a +0 spear.
* * * LOW HITPOINT WARNING * * *
The gnoll bouda hits you with a +0 club.
* * * LOW HITPOINT WARNING * * *
You feel better. The gnoll hits you but does no damage.
The gnoll bouda hits you with a +0 club!
You die...

#.## #.# ...# ###.# ...
##..## ..## #.### #..# #.#
#..# #.# #.# #.# #.# ##.#
# #@# #..# ######
#######g# ###..# ##.....
##....##g###....###......
.
#.......l##.†......###...
.g. #...........####..##
##..
..gg.##..g.......####...#
##. #...................##
##
##......♣.♣♣♣.♣♣♣.♣..####
#
##......♣...♣.♣...♣.....##


You could see a gnoll bouda, an iguana and a gnoll (swift).

Vanquished Creatures
  A bombardier beetle (D:4)
  Jessica (D:3)
  2 gnolls (D:4)
  2 adders
  5 dart slugs
  2 ribbon worms
  12 orcs
  4 endoplasms
  A giant cockroach (D:1)
  5 goblins
  9 hobgoblins
  10 jackals
  5 quokkas
  6 ball pythons
  4 bats
  3 frilled lizards
  5 kobolds
  7 rats (D:1)
84 creatures vanquished.

Notes
Turn   | Place    | Note
-------+----------+-------------------------------------------
     0 | D:1      | GeoRichter the Mountain Dwarf Reaver began the quest for
                  | the Orb.
     0 | D:1      | Reached XP level 1. HP: 17/17 MP: 3/3
   179 | D:1      | Reached skill level 4 in Axes
   224 | D:1      | Reached XP level 2. HP: 24/25 MP: 4/4
  1007 | D:2      | Reached XP level 3. HP: 28/30 MP: 5/5
  1124 | D:2      | Reached skill level 5 in Axes
  1501 | D:3      | Noticed Jessica
  1586 | D:3      | Found a transporter.
  1589 | D:3      | Noticed topfpfpflanze's ghost (amateur OpCj)
  1590 | D:3      | Found a transporter.
  1625 | D:3      | Reached XP level 4. HP: 29/38 MP: 6/6
  1822 | D:3      | Found Daazemua's Distillery.
  1825 | D:3      | Bought a potion of curing for 33 gold pieces
  1825 | D:3      | Bought 2 potions of heal wounds for 110 gold pieces
  1995 | D:3      | Killed Jessica
  2194 | D:3      | Found a runed translucent door.
  2195 | D:3      | Noticed Crazy Yiuf
  2298 | D:3      | Found a glowing silver altar of Zin.
  2523 | D:3      | Reached skill level 6 in Axes
  2905 | D:4      | Found a bloodstained altar of Trog.
  2911 | D:4      | Reached XP level 5. HP: 41/46 MP: 7/7
  3283 | D:4      | Found an opulent altar of Gozag.
  3303 | D:4      | Found a blossoming altar of Fedhas.
  3471 | D:4      | HP: 1/46 [gnoll bouda/+0 club (3)]
  3472 | D:4      | Slain by a gnoll bouda

Illustrated notes

Levels and vault maps discovered:
D:1:      heliophobic_arrival_battle_scene, layout_basic
D:2:      layout_rooms
D:3:      layout_loops_ring, zin_academy, serial_shops,
          nicolae_shop_tiny_real_fake_doors, gammafunk_ghost_arena,
          uniq_crazy_yiuf_cottage, uniq_jessica
D:4:      layout_layer_cave, mainiacjoe_overflow_large_starburst,
          trog_butcher_becter, nicolae_goblin_pals

Skill      XL: |  1  2  3  4  5 |
---------------+----------------+-----
Axes           | 4 5 6 |  6.6
Fighting       | 3 4 |  4.1
Dodging        | |  1.3
Spellcasting   | |  1.7
Conjurations   | |  2.6

Action                     |  1- 3 |  4- 6 || total
---------------------------+-------+-------++-------
  Melee: Hand axe          |   140 |   178 ||   318
    Use: Scroll            |       |     5 ||     5
         Potion            |       |     4 ||     4
 Armour: Leather armour    |    25 |       ||    25
         Scale mail        |    80 |    12 ||    92
         Chain mail        |       |   125 ||   125
  Dodge: Dodged            |    80 |    71 ||   151

Table legend: (Time is in decaauts)
 A = Elapsed time spent in this place.
 B = Non-inter-level travel time spent in this place.
 C = Inter-level travel time spent in this place.
 D = Time resting spent in this place.
 E = Time spent auto-exploring this place.
 F = Levels seen in this place.
 G = Mean time per level.
                   A        B        C        D        E       F      G
               +--------+--------+--------+--------+--------+-----+--------+
         Total |   3489 |   3361 |    128 |    234 |   2397 |   4 |  872.2 |
       Dungeon |   3489 |   3361 |    128 |    234 |   2397 |   4 |  872.2 |
               +--------+--------+--------+--------+--------+-----+--------+

Top non-repeatable levels by time:
     D:3: 1177 daAuts
     D:1: 909 daAuts
     D:4: 738 daAuts
     D:2: 663 daAuts
